 Dungeon Crawl Stone Soup version 0.30-a0-1066-g63dfefce0d (webtiles) character file.

Game seed: 15158414917158280621

123588 retardedninja the Severer (level 16, -9/141 HPs)
             Began as a Naga Fighter on Apr 12, 2023.
             Was the Champion of Hepliaklqana.
             Mangled by Nikola
             ... wielding a +3 rapier of electrocution
              (14 damage)
             ... on level 1 of the Spider Nest.
             The game lasted 00:38:21 (23726 turns).

retardedninja the Severer (Naga Fighter)           Turns: 23726, Time: 00:38:21

Health: -9/141     AC: 34    Str: 33    XL:     16   Next: 90%
Magic:  16/16      EV:  3    Int:  4    God:    Hepliaklqana [******]
Gold:   2685       SH: 15    Dex: 16    Spells: 15/15 levels left

rFire   + + .      SeeInvis +    a - +6 war axe (venom)
rCold   + + .      Faith    .    j - +2 shield of Resistance {rF++ rC++ Will++}
rNeg    . . .      Spirit   .    d - +4 plate armour
rPois   +          Reflect  .    n - +1 hat {Will+}
rElec   .          Rampage  .    y - +0 cloak
rCorr   .                        Q - +1 pair of gloves
Will    +++++                    m - +4 barding "Zoihashro" {rPois Regen+ Int-5 Slay+4} Stlth
                                 b - amulet of regeneration
HPRegen 2.03/turn                h - +6 ring of dexterity
MPRegen 0.15/turn                i - +6 ring of strength

@: very slow
A: reduced essence, AC +5, large, see invisible, deformed body, poison
resistance, slowness 2, spit poison 1, naga tail 2
a: Spit Poison, Renounce Religion, Recall Ancestor, Ancestor Identity,
Transference, Idealise


You were on level 1 of the Spider Nest.
You worshipped Hepliaklqana.
Hepliaklqana was exalted by your worship.
You visited 5 branches of the dungeon, and saw 25 of its levels.
You also visited: Sewer, Gauntlet and Ice Cave.

You collected 2805 gold pieces.
You spent 120 gold pieces at shops.

Inventory:

Hand Weapons
 a - a +6 war axe of venom (weapon)
 U - a +5 spear of venom
Missiles
 F - 5 throwing nets
 V - 7 javelins
Armour
 d - a +4 plate armour (worn)
 j - the +2 shield of Resistance (worn) {rF++ rC++ Will++}
   (You found it on level 6 of the Dungeon)

   rF:        It greatly protects you from fire.
   rC:        It greatly protects you from cold.
   Will:      It greatly increases your willpower.
 m - the +4 barding "Zoihashro" (worn) {rPois Regen+ Int-5 Slay+4}
   (You acquired it on level 8 of the Dungeon)

   Int:       It affects your intelligence (-5).
   Slay:      It affects your accuracy & damage with ranged weapons and melee
   (+4).
   rPois:     It protects you from poison.
   Regen:     It increases your rate of health regeneration.
 n - a +1 hat of willpower (worn)
 y - a +0 cloak (worn)
 Q - a +1 pair of gloves (worn)
Jewellery
 b - an amulet of regeneration (around neck)
 h - a +6 ring of dexterity (left hand)
 i - a +6 ring of strength (right hand)
 r - a ring of ice
 I - a ring of protection from fire
Wands
 l - a wand of iceblast (17)
 z - a wand of mindburst (8)
 B - a wand of paralysis (9)
 D - a wand of polymorph (7)
 L - a wand of flame (17)
 P - a wand of quicksilver (5)
Scrolls
 c - 2 scrolls of vulnerability
 e - 12 scrolls of teleportation
 o - 7 scrolls of fog
 p - a scroll of magic mapping
 u - a scroll of fear
 v - 3 scrolls of amnesia
 w - 4 scrolls of poison
 C - 3 scrolls of silence
 J - a scroll of torment
 T - 3 scrolls of identify
 X - a scroll of immolation
 Y - 3 scrolls of blinking
Potions
 f - 5 potions of curing
 k - 5 potions of brilliance
 q - 2 potions of flight
 s - 5 potions of mutation
 t - 2 potions of ambrosia
 A - 3 potions of lignification
 E - a potion of haste
 H - 5 potions of might
 M - a potion of magic
 N - 2 potions of invisibility
 O - a potion of resistance
Miscellaneous
 x - a piece from Xom's chessboard (15/15)
 G - a condenser vane (inert)
 S - a phantom mirror (inert)
 Z - a lightning rod (4/4)


   Skills:
 + Level 13.6 Fighting
 * Level 18.5 Axes
 + Level 11.5 Armour
 - Level 11.2 Stealth
 + Level 12.5 Shields


You had 15 spell levels left.
You didn't know any spells.
Your spell library contained the following spells:

 Spells                   Type           Power      Damage    Failure   Level
 Kiss of Death            Conj/Necr      0%         2d5       99%         1
 Necrotise                Necr           0%         1d4       99%         1
 Sandblast                Erth           0%         2d4       99%         1
 Blink                    Tloc           0%         N/A       100%        2
 Ensorcelled Hibernation  Hex/Ice        0%         N/A       100%        2
 Passwall                 Tmut/Erth      0%         N/A       100%        2
 Confusing Touch          Hex            0%         N/A       100%        3
 Inner Flame              Hex/Fire       0%         N/A       100%        3
 Ozocubu's Armour         Ice            0%         N/A       100%        3
 Spider Form              Tmut/Pois      0%         N/A       100%        3
 Stone Arrow              Conj/Erth      0%         3d7       100%        3
 Vampiric Draining        Necr           0%         2d6       100%        3
 Vhi's Electric Charge    Tloc/Air       0%         N/A       100%        3
 Anguish                  Hex/Necr       0%         N/A       100%        4
 Animate Dead             Necr           0%         N/A       100%        4
 Cause Fear               Hex            0%         N/A       100%        4
 Dispel Undead            Necr           0%         3d6       100%        4
 Fulminant Prism          Conj/Hex       0%         3d5       100%        4
 Iskenderun's Mystic Bla  Conj/Tloc      0%         2d3       100%        4
 Manifold Assault         Tloc           0%         N/A       100%        4
 Agony                    Necr           0%         N/A       100%        5
 Irradiate                Conj/Tmut      0%         3d11      100%        5
 Metabolic Englaciation   Hex/Ice        0%         N/A       100%        5
 Silence                  Hex/Air        0%         N/A       100%        5
 Summon Forest            Summ/Tloc      0%         N/A       100%        5
 Yara's Violent Unravell  Hex/Tmut       0%         3d3       100%        5
 Conjure Ball Lightning   Conj/Air       0%         3x3d6     100%        6
 Dispersal                Tloc           0%         N/A       100%        6
 Eringya's Noxious Bog    Tmut/Pois      0%         N/A       100%        6
 Simulacrum               Ice/Necr       0%         N/A       100%        6
 Starburst                Conj/Fire      0%         6d3       100%        6
 Dragon Form              Tmut           0%         N/A       100%        7
 Enfeeble                 Hex            0%         N/A       100%        7
 Haunt                    Necr/Summ      0%         N/A       100%        7
 Ozocubu's Refrigeration  Ice            0%         4d7       100%        7
 Storm Form               Tmut/Air       0%         N/A       100%        7
 Summon Hydra             Summ           0%         N/A       100%        7
 Disjunction              Tloc           0%         N/A       100%        8
 Infestation              Necr           0%         N/A       100%        8
 Dragon's Call            Summ           0%         N/A       100%        9


Dungeon Overview and Level Annotations

Branches:
Dungeon (15/15)            Temple (1/1) D:5            Lair (5/5) D:8
 Shoals (0/4) Lair:3       Spider (2/4) Lair:2          Orc (2/2) D:9
    Elf (0/3) Orc:2        Vaults (0/5) D:13         Depths (0/4) D:15
  Sewer (visited)           IceCv (visited)         Gauntlet (visited)
  Slime: Lair:4-5

Altars:
Ashenzari
Cheibriados
Dithmenos
Elyvilon
Fedhas
Gozag
Hepliaklqana
Kikubaaqudgha
Makhleb
Nemelex Xobeh
Okawaru
Qazlal
Ru
Sif Muna
Trog
Vehumet
Wu Jian
Xom
Yredelemnul
Zin
The Shining One
Jiyva

Shops:
D:2 ![*   D:3 (   Orc:2 *[[:

Portals:
Trove: D:11 (give 3 potions of resistance)

Annotations:
D:10 1 runed translucent door
Temple 2 transporters
Lair:4 exclusion: 4 oklob plants
Spider:1 Frances, Nikola


Innate Abilities, Weirdness & Mutations

Your life essence is reduced to manifest your ancestor. (-10% HP)
Your serpentine skin is tough. (AC +5)
You have supernaturally acute eyesight. (SInv)
Armour fits poorly on your strangely shaped body.
Your system is resistant to poisons. (rPois)
You cover ground very slowly.
You can spit poison.
You can use your snake-like lower body to constrict enemies.


Message History

Nikola is severely wounded.
Nikola casts a spell at you. The bolt of lightning hits you!!
Aiming: Quicksilver Bolt
Press: ? - help, Q - select action, (/) - cycle Shift-Dir - straight line, f/p - Nikola
Aim: Nikola, wielding a +3 rapier of electrocution, wearing a +0 cloak and wearing a +0 pair of gloves (severely wounded, poisoned, 75% to hit)
The bolt of dispelling energy hits Nikola!
Nikola is severely wounded.
Nikola mumbles, "Hm, I wonder if you're conductive."
Aiming: Quicksilver Bolt
Press: ? - help, Q - select action, (/) - cycle Shift-Dir - straight line, f/p - Nikola
Aim: Nikola, wielding a +3 rapier of electrocution, wearing a +0 cloak and wearing a +0 pair of gloves (severely wounded, poisoned, 75% to hit)
The bolt of dispelling energy hits Nikola!
Nikola is almost dead.
Nikola gestures wildly while chanting.
Lightning arcs from Nikola's hands!
The bolt of lightning hits you!!!
* * * LOW HITPOINT WARNING * * *
A bolt of lightning appears from out of thin air!
The bolt of lightning hits Nikola!
Unknown command.
Okay, then.
As you read the scroll of fear, it crumbles to dust.
You assume a fearsome visage.
Nikola resists with almost no effort.
You feel better.
Nikola looks more healthy.
Aiming: Quicksilver Bolt
Press: ? - help, Q - select action, (/) - cycle Shift-Dir - straight line, f/p - Nikola
Aim: Nikola, wielding a +3 rapier of electrocution, wearing a +0 cloak and wearing a +0 pair of gloves (almost dead, 75% to hit)
The bolt of dispelling energy hits Nikola!
Nikola is almost dead.
Nikola casts a spell at you. The bolt of lightning hits you!!
* * * LOW HITPOINT WARNING * * *
You closely miss Nikola. You grab Nikola.
Nikola is almost dead.
You constrict Nikola.
You feel better.
You constrict Nikola.
Nikola hits you with a +3 rapier of electrocution!
* * * LOW HITPOINT WARNING * * *
You are electrocuted!
You die...

.................................
########.........................
####..........<...........
####................... #######
##^##................ ......#
#..####.............. ......#
##..#####............. ......#
#.....##.............. ......#
#....@@..............# ......#
#...................## .....####
#......#...........###
........##############..........#
.>........#.##.# ###.[^......
..^#...#####...# ##........
...##### ##...# #........ ..##
#....### #........ ..#
##.###.########........


You could see Nikola.

Vanquished Creatures
  Rupert (D:13)
  Gastronok (Lair:1)
  A fire giant (D:15)
  A ghost moth (Spider:1)
  An emperor scorpion (Spider:1)
  2 orc warlords (Orc:1)
  A dire elephant (Lair:5)
  A minotaur (Gauntlet)
  An entropy weaver (Spider:1)
  Harold (D:9)
  5 ogre magi
  3 hydras
  A catoblepas (Lair:5)
  4 centaur warriors
  13 death yaks
  2 tengu warriors (D:15)
  3 boulder beetles
  18 two-headed ogres
  A deep troll shaman (Lair:5)
  An orc high priest (Orc:1)
  A skyshark (Lair:5)
  A sixfirhy (Gauntlet)
  2 skeletal warriors (D:11)
  4 pharaoh ants
  Lodul (D:11)
  2 orc knights (D:13)
  2 wizards
  Pikel (D:5)
  A lindwurm (Lair:4)
  A deep elf pyromancer (D:15)
  2 orc sorcerers
  9 ugly things
  4 wolf spiders
  4 manticores
  A cyclops (D:13)
  2 moths of wrath
  2 ice statues (IceCv)
  2 demonic crawlers (Spider:1)
  3 elephants (Lair:5)
  Maggie (D:6)
  2 black mambas
  5 cane toads
  2 torpor snails
  An unseen horror (D:10)
  Psyche (D:10)
  3 rime drakes
  9 komodo dragons
  A freezing wraith (D:9)
  4 yaktaurs (D:15)
  An anaconda simulacrum (IceCv)
  A meliai (Lair:2)
  3 hornets (Orc:1)
  4 polar bears
  8 trolls
  9 tarantellas (Spider:1)
  Prince Ribbit (D:9)
  6 blink frogs
  2 shadows (D:12)
  3 jumping spiders
  4 culicivoras (Spider:1)
  3 slime creatures (D:12)
  2 wraiths
  21 yaks
  A spriggan (Lair:1)
  2 wyverns
  3 basilisks
  13 humans (D:13)
  7 redbacks (Spider:1)
  2 steam dragons
  A death yak simulacrum (IceCv)
  Menkaure (D:6)
  3 wargs (Orc:1)
  An acid dragon (D:12)
  A hydra simulacrum (IceCv)
  9 water moccasins
  Duvessa (D:6)
  2 floating eyes
  17 orc warriors
  4 black bears
  35 ogres
  5 centaurs
  11 wolves
  4 lemures (D:5)
  3 kobold brigands
  A gnoll sergeant (D:9)
  11 bullfrogs
  2 scorpions (D:6)
  Dowan (D:6)
  2 wights (D:9)
  15 killer bees
  An elephant simulacrum (IceCv)
  A howler monkey (D:6)
  7 hounds
  5 orc priests
  3 jellies
  Terence (D:2)
  3 iguanas
  15 orc wizards
  Natasha (thrice) (D:3)
  A wolf simulacrum (IceCv)
  2 gnolls (D:9)
  15 adders
  A shadow imp (D:5)
  2 white imps
  5 ufetubi
  A worm (D:4)
  5 dart slugs
  37 orcs
  6 endoplasms
  3 giant cockroaches
  7 goblins
  7 hobgoblins
  4 jackals (D:4)
  7 quokkas
  8 ball pythons
  7 bats
  8 frilled lizards
  19 kobolds
  5 rats
  A bush (D:3)
552 creatures vanquished.

Vanquished Creatures (collateral kills)
  Saint Roka (Orc:2)
  3 emperor scorpions (Spider:1)
  2 hydras (Lair:5)
  3 centaur warriors (D:13)
  6 two-headed ogres
  3 death yaks (Lair:5)
  Nergalle (Lair:2)
  A skyshark (Lair:2)
  2 skeletal warriors (D:11)
  An orb spider (Spider:2)
  A shining eye (Gauntlet)
  2 manticores (D:12)
  An ugly thing (D:11)
  An orc sorcerer (Orc:1)
  4 wolf spiders
  3 cyclopes
  A moth of wrath (Spider:1)
  An elephant (Lair:5)
  2 black mambas
  Joseph (D:8)
  Maurice (Orc:2)
  A demonic crawler (Spider:1)
  2 yaktaurs (D:15)
  A rime drake (Lair:4)
  2 freezing wraiths
  3 komodo dragons
  A troll (Orc:2)
  2 tarantellas (Spider:1)
  4 blink frogs (Lair:1)
  A slime creature (D:15)
  2 jumping spiders (Spider:1)
  A shadow (D:10)
  11 yaks
  3 wraiths
  3 humans (D:13)
  A basilisk (D:12)
  A redback (Spider:1)
  3 water moccasins
  A floating eye (Orc:1)
  The ghost of retardedninja the Trooper, an amateur NaFi (D:3)
  2 orc warriors (Orc:2)
  A black bear (Lair:1)
  5 ogres
  9 wolves
  5 centaurs
  2 kobold brigands
  2 wights (D:9)
  A killer bee (D:8)
  An electric eel (Lair:3)
  2 orc priests
  7 orc wizards
  A gnoll (D:9)
  6 orcs
  A hobgoblin (D:3)
  3 kobolds
133 creatures vanquished.

Vanquished Creatures (others)
  A yak (Lair:3)
  18 battlemagi
  2 ancestors
  An orc (D:6)
  14 demonic plants (Gauntlet)
  24 fungi
  49 plants
  5 withered plants (Lair:1)
114 creatures vanquished.

Grand Total: 799 creatures vanquished

Notes
Turn   | Place    | Note
-------+----------+-------------------------------------------
     0 | D:1      | retardedninja the Naga Fighter began the quest for the Orb.
     0 | D:1      | Reached XP level 1. HP: 21/21 MP: 1/1
   197 | D:1      | Reached XP level 2. HP: 24/28 MP: 2/2
  1176 | D:2      | Reached XP level 3. HP: 32/34 MP: 3/3
  1247 | D:2      | Found Watalyc's Distillery.
  1336 | D:2      | Found Roblas's Armour Emporium.
  1364 | D:2      | Identified the ring of Luet {Str-3 Int+6 Dex+4}
  1417 | D:2      | Found Xarhar's General Store.
  1443 | D:2      | Reached skill level 3 in Axes
  1519 | D:2      | Identified the +1 dagger "Jiushrec" {spect, Fly Will- MP+9}
  1568 | D:2      | Reached XP level 4. HP: 40/42 MP: 4/4
  1775 | D:2      | Noticed Terence
  1786 | D:2      | Killed Terence
  2054 | D:2      | Reached XP level 5. HP: 20/49 MP: 5/5
  2544 | D:3      | Noticed retardedninja's ghost (amateur NaFi)
  2591 | D:3      | Found a runed translucent gate.
  2591 | D:3      | Found a runed translucent gate.
  2592 | D:3      | Found a runed translucent gate.
  2644 | D:3      | Found a broken altar of Ashenzari.
  2722 | D:3      | Found a sacrificial altar of Ru.
  2735 | D:3      | Found Cufan's Weapon Shoppe.
  2749 | D:3      | Noticed Natasha
  2760 | D:3      | Killed Natasha
  2761 | D:3      | Reached skill level 4 in Axes
  3148 | D:3      | Identified the +2 falchion of Syux {freeze, rElec SInv}
  3237 | D:3      | Noticed Natasha
  3245 | D:3      | Killed Natasha
  3246 | D:3      | Reached XP level 6. HP: 44/57 MP: 6/6
  3267 | D:3      | Noticed Natasha
  3271 | D:3      | Killed Natasha
  3492 | D:3      | Found a faded altar of an unknown god.
  3689 | D:4      | Reached skill level 1 in Stealth
  3743 | D:4      | Found a glowing drain.
  3765 | Sewer    | Entered a sewer
  4613 | D:5      | Entered Level 5 of the Dungeon
  4759 | D:5      | Reached XP level 7. HP: 61/64 MP: 7/7
  4761 | D:5      | Found a staircase to the Ecumenical Temple.
  4778 | Temple   | Entered the Ecumenical Temple
  4778 | Temple   | Found a transporter.
  4778 | Temple   | Found a transporter.
  4780 | Temple   | Found a transporter.
  4780 | Temple   | Found a transporter.
  4804 | Temple   | Became a worshipper of Hepliaklqana the Forgotten
  4828 | Temple   | Reached skill level 5 in Axes
  5520 | D:5      | Reached XP level 8. HP: 66/73 MP: 8/8
  5533 | D:6      | Noticed Pikel
  5538 | D:6      | Noticed a troll
  5541 | D:6      | Noticed Duvessa
  5764 | D:5      | Killed a troll
  5765 | D:5      | Reached skill level 6 in Axes
  6023 | D:5      | Killed Pikel
  6024 | D:5      | Reached skill level 5 in Fighting
  6024 | D:5      | Reached skill level 5 in Stealth
  6252 | D:6      | Killed Duvessa
  6258 | D:6      | Found the +2 shield of Resistance {rF++ rC++ Will++}
  6269 | D:6      | Noticed Dowan
  6276 | D:6      | Reached skill level 7 in Axes
  6276 | D:6      | Reached skill level 5 in Shields
  6276 | D:6      | Reached XP level 9. HP: 78/81 MP: 9/9
  6287 | D:6      | Killed Dowan
  6296 | D:6      | Noticed Maggie
  6305 | D:6      | Killed Maggie
  6553 | D:6      | Found a glowing silver altar of Zin.
  6813 | D:6      | Reached * piety under Hepliaklqana
  6843 | D:6      | Noticed Menkaure
  6847 | D:6      | Reached skill level 5 in Armour
  6848 | D:6      | Killed Menkaure
  6849 | D:6      | Reached skill level 8 in Axes
  6911 | D:6      | Noticed a two-headed ogre
  6928 | D:6      | Killed a two-headed ogre
  6929 | D:6      | Reached XP level 10. HP: 60/82 MP: 10/10
  7265 | D:7      | Reached skill level 9 in Axes
  7794 | D:7      | Found a burning altar of Makhleb.
  7824 | D:7      | Reached ** piety under Hepliaklqana
  7825 | D:7      | Remembered your ancestor autism as a battlemage
  7903 | D:8      | Noticed Joseph
  7910 | D:8      | Killed Joseph
  7961 | D:8      | Found a glowing golden altar of the Shining One.
  7983 | D:8      | Found a staircase to the Lair.
  8468 | D:8      | Noticed a two-headed ogre
  8472 | D:8      | Killed a two-headed ogre
  8473 | D:8      | Reached skill level 10 in Axes
  8684 | D:8      | Identified a scroll of acquirement
  8684 | D:8      | Acquired the +4 barding "Zoihashro" {rPois Regen+ Int-5
                  | Slay+4}
  8708 | Lair:1   | Entered Level 1 of the Lair of Beasts
  8725 | Lair:1   | Reached XP level 11. HP: 83/91 MP: 11/11
  8767 | Lair:1   | Noticed Gastronok
  8772 | Lair:1   | Killed Gastronok
  8870 | Lair:1   | Noticed a five-headed hydra
  8879 | Lair:1   | Killed a nine-headed hydra
  8880 | Lair:1   | Reached skill level 11 in Axes
  9001 | Lair:1   | Reached *** piety under Hepliaklqana
  9768 | Lair:2   | Identified the +2 robe of Aperisoa {rN+ Will+ Str+2}
  9785 | Lair:2   | Found a hole to the Spider Nest.
 10036 | Lair:2   | Noticed a death yak
 10036 | Lair:2   | Noticed a death yak
 10036 | Lair:2   | Noticed a death yak
 10037 | Lair:2   | Noticed a death yak
 10037 | Lair:2   | Noticed a death yak
 10037 | Lair:2   | Noticed a death yak
 10186 | Lair:2   | Noticed a skyshark
 10190 | Lair:2   | Killed a skyshark
 10211 | Lair:2   | Reached skill level 12 in Axes
 10211 | Lair:2   | Reached XP level 12. HP: 100/100 MP: 12/12
 10425 | Lair:2   | Noticed Nergalle
 10432 | Lair:2   | Killed Nergalle
 10674 | Lair:2   | Killed a death yak
 10679 | Lair:2   | Killed a death yak
 10681 | Lair:2   | Killed a death yak
 10683 | Lair:2   | Killed a death yak
 10684 | Lair:2   | Killed a death yak
 10690 | Lair:2   | Killed a death yak
 10774 | Lair:3   | Found a frozen archway.
 10784 | Lair:3   | Reached skill level 13 in Axes
 10803 | Lair:3   | Reached **** piety under Hepliaklqana
 10807 | IceCv    | Entered an ice cave
 10849 | IceCv    | Found a transporter.
 10863 | IceCv    | Found a transporter.
 11223 | Lair:3   | Found a staircase to the Shoals.
 11443 | Lair:3   | Reached skill level 10 in Fighting
 11444 | Lair:3   | Gained mutation: You can use your snake-like lower body to
                  | constrict enemies. [Naga growth]
 11444 | Lair:3   | Reached XP level 13. HP: 110/110 MP: 13/13
 11834 | Lair:4   | Identified the +5 lajatang "Athot" {pain, *Rage rPois rCorr
                  | Dex-5}
 12033 | Lair:4   | Found a viscous altar of Jiyva.
 12113 | Lair:4   | Reached ***** piety under Hepliaklqana
 12387 | Lair:5   | Entered Level 5 of the Lair of Beasts
 12398 | Lair:5   | Reached skill level 14 in Axes
 12919 | Lair:5   | Noticed a dire elephant
 12961 | Lair:5   | Killed a dire elephant
 12962 | Lair:5   | Reached skill level 10 in Shields
 12962 | Lair:5   | Reached XP level 14. HP: 76/119 MP: 14/14
 13287 | Lair:5   | Reached skill level 15 in Axes
 13289 | Lair:5   | Reached skill level 10 in Stealth
 13929 | D:9      | Noticed Harold
 13934 | D:9      | Killed Harold
 14148 | D:9      | Got the Volume of the Map
 14153 | D:9      | Identified the +1 pair of boots of Free Will {Regen+ Dex+4}
 14155 | D:9      | Identified the +3 sling of Oenomania {heavy, rF+++ Str+3
                  | Int-5 Dex-2}
 14440 | D:9      | Identified the +6 rapier of the Vestibule of Hell {freeze,
                  | *Slow rN+ Int+3}
 14466 | D:9      | Noticed Prince Ribbit
 14470 | D:9      | Killed Prince Ribbit
 14494 | D:9      | Found a staircase to the Orcish Mines.
 14838 | D:10     | Entered Level 10 of the Dungeon
 14842 | D:10     | Found a runed translucent door.
 15361 | D:10     | Reached ****** piety under Hepliaklqana
 15428 | D:10     | Noticed Psyche
 15433 | D:10     | Killed Psyche
 15699 | D:10     | Noticed a shadow dragon
 15793 | D:11     | You fall into a shaft and drop 2 floors!
 16409 | D:11     | Reached skill level 16 in Axes
 16446 | D:11     | Noticed Lodul
 16456 | D:11     | Killed Lodul
 16457 | D:11     | Reached XP level 15. HP: 113/129 MP: 15/15
 16527 | D:11     | Reached skill level 10 in Armour
 16658 | D:11     | Found a portal to a secret trove of treasure.
 16924 | D:2      | Bought a potion of resistance for 120 gold pieces
 16995 | D:3      | Killed retardedninja's ghost
 17479 | D:13     | Noticed Rupert
 17479 | D:13     | Found a gate to the Vaults.
 17489 | D:13     | Killed Rupert
 19010 | D:15     | Entered Level 15 of the Dungeon
 19090 | D:15     | Noticed a fire giant
 19102 | D:15     | Killed a fire giant
 19199 | D:15     | Found a gate leading to a gauntlet.
 19245 | Gauntlet | Entered a Gauntlet
 19245 | Gauntlet | Found a transporter.
 19245 | Gauntlet | Found a transporter.
 19245 | Gauntlet | Found a transporter.
 19410 | Gauntlet | Found a transporter.
 19420 | Gauntlet | Found a transporter.
 19435 | Gauntlet | Found a transporter.
 19447 | Gauntlet | Found a transporter.
 19460 | Gauntlet | Found a transporter.
 19466 | Gauntlet | Found a transporter.
 19480 | Gauntlet | Found a transporter.
 19485 | Gauntlet | Found a transporter.
 19514 | Gauntlet | Found a transporter.
 19735 | Gauntlet | Reached skill level 17 in Axes
 19885 | Gauntlet | Got the Catalogue of the Pneumatic Crevasse
 19885 | Gauntlet | Got the Guide on Malediction and Concussion
 20172 | D:15     | Found a staircase to the Depths.
 20547 | Orc:1    | Entered Level 1 of the Orcish Mines
 20550 | Orc:1    | Noticed an orc warlord
 20768 | Orc:1    | Killed an orc warlord
 20905 | Orc:1    | Found a burning altar of Makhleb.
 20928 | Orc:1    | Paralysed by a floating eye for 3 turns
 20937 | Orc:1    | Noticed an orc warlord
 20940 | Orc:1    | Paralysed by a floating eye for 4 turns
 20950 | Orc:1    | Killed an orc warlord
 21135 | Orc:2    | Entered Level 2 of the Orcish Mines
 21160 | Orc:2    | Reached XP level 16. HP: 132/138 MP: 16/16
 21481 | Orc:2    | Noticed Maurice
 21484 | Orc:2    | Noticed Saint Roka
 21487 | Orc:2    | Killed Maurice
 21502 | Orc:2    | Killed Saint Roka
 21637 | Orc:2    | Found a staircase to the Elven Halls.
 21640 | Orc:2    | Found Zyunwua's Book Boutique.
 21728 | Orc:2    | Found Axuodwun's Antique Armour Emporium.
 21728 | Orc:2    | Found Zahui's Assorted Antiques.
 21728 | Orc:2    | Found Dareo's Antique Armour Shop.
 21728 | Orc:2    | Found Hudeym's Armour Emporium.
 22121 | Orc:1    | Reached skill level 18 in Axes
 22360 | Spider:1 | Entered Level 1 of the Spider Nest
 23415 | Spider:2 | Noticed Nikola
 23420 | Spider:2 | Noticed Frances
 23726 | Spider:1 | HP: 5/141 [Nikola/+3 rapier of electrocution (14)]
 23726 | Spider:1 | Mangled by Nikola

Illustrated notes

Levels and vault maps discovered:
D:1:      scummos_arrival_forest, layout_basic
D:2:      minmay_chambers_of_twos, layout_loops_cross, serial_shops,
          shop_statue, shop, nicolae_shop_statue_plus, uniq_terence
D:3:      layout_rooms, mainiacjoe_overflow_catch_the_wave,
          shapermc_ecumenical_altar_hornbeckon, gammafunk_ghost_split,
          serial_shops, shop_statue, chequers_garden, uniq_natasha
D:4:      layout_basic, portal_sewer_entry_f
D:5:      layout_basic, minmay_temple_entry_statues_pillars,
          nicolae_figureground_pulse
D:6:      minmay_recursive_quarters, layout_rooms, mainiacjoe_overflow_alcove_2,
          uniq_duvessa, uniq_maggie, uniq_menkaure, uniq_pikel
D:7:      minmay_flawed_box, layout_loops_corners, mainiacjoe_overflow_paths
D:8:      layout_gridville, mainiacjoe_overflow_24_doors, dpeg_oklobed_lair,
          uniq_joseph
D:9:      cheibrodos_wizards_tower, layout_cave_pods, orc_0_dummy,
          minmay_evil_grid, uniq_prince_ribbit1, uniq_harold
D:10:     minmay_gate_of_8, layout_cave_pods, chequers_avenue, grunt_decor_cap,
          minmay_statues_item, uniq_psyche
D:11:     layout_big_octagon, trove_entry_hex_spiral, uniq_lodul
D:12:     layout_roguey, eino_tiny_chamber, item_on_display_a
D:13:     layout_irregular_city, david_vaults_3
D:14:     layout_stronghold, infiniplex_staircase_hallway_doors
D:15:     grunt_enter_depths_giant_problem, layout_loops_ring,
          serial_park_square3 [serial_park_minivault_5x5_8],
          gauntlet_entry_generic
Temple:   hellmonk_temple_divided_pantheon
Lair:1:   layout_cave_pods, pdpol_lair_neglected_garden,
          grunt_forest_large_clearing_hut, uniq_gastronok
Lair:2:   layout_cave_pods, hellmonk_spider_entry_not_the_bees,
          serial_bayou_pond_b, uniq_nergalle
Lair:3:   layout_chaotic_city, minmay_shoals_entry_centaurs,
          portal_ice_cave_entry_pillars_1, fungi_pond_lemuel
Lair:4:   layout_long_grid, minmay_slime_entry_oklob_enclosed
Lair:5:   grunt_lair_end_beastmaster, layout_layer_cave,
          chequers_serial_rivers_marsh, grunt_megastairs_5, lemuel_fruit_fields
Spider:1: layout_cave_pods, nicolae_spider_scorpion_nest
Spider:2: layout_spider_delve, uniq_arachne, uniq_frances, uniq_nikola
Orc:1:    hellmonk_paralyzer, layout_caves, bloody_makhleb
Orc:2:    st_orc_ogre_mass, layout_caves, serial_shops, shop, uniq_saint_roka,
          uniq_maurice

Skill      XL: |  1  2  3  4  5  6  7  8  9 10 11 12 13 14 15 16 |
---------------+-------------------------------------------------+-----
Shields        | 3 4 5 7 8 9 10 11 12 | 12.5
Axes           | 3 4 5 7 8 10 12 13 14 16 17 18 | 18.5
Armour         | 3 4 5 6 7 8 9 10 11 | 11.5
Fighting       | 4 5 6 7 8 10 11 12 13 | 13.6
Stealth        | 2 3 5 6 9 11 | 11.2

Action                     |  1- 3 |  4- 6 |  7- 9 | 10-12 | 13-15 | 16-18 || total
---------------------------+-------+-------+-------+-------+-------+-------++-------
  Melee: War axe           |    81 |   224 |    96 |   268 |   522 |   200 ||  1391
         Constrict         |       |       |       |       |   138 |    60 ||   198
 Invoke: Ancestor Life: Ba |       |       |       |     1 |       |       ||     1
         Recall Ancestor   |       |       |       |       |     1 |       ||     1
         Ancestor Identity |       |       |       |       |     1 |       ||     1
Ability: Spit Poison       |       |       |     3 |       |       |     1 ||     4
  Evoke: Wand              |       |       |     6 |       |     7 |     6 ||    19
         Condenser vane    |       |       |       |       |     2 |     1 ||     3
         Piece from Xom's  |       |       |       |       |     1 |       ||     1
         Phantom mirror    |       |       |       |       |       |     2 ||     2
    Use: Potion            |       |     1 |     4 |     3 |     3 |     6 ||    17
         Scroll            |       |    11 |     1 |    18 |    15 |     3 ||    48
   Stab: Distracted        |       |       |       |     6 |     8 |     8 ||    22
         Invisible         |       |       |       |       |     5 |       ||     5
 Armour: Scale mail        |    44 |    11 |       |       |       |       ||    55
         Chain mail        |       |    41 |       |       |       |       ||    41
         Plate armour      |       |    77 |    89 |   234 |   348 |   157 ||   905
  Dodge: Dodged            |    35 |    54 |    44 |    34 |    60 |    18 ||   245
  Block: Buckler           |    17 |    65 |    39 |       |       |       ||   121
         Kite shield       |       |       |    20 |   229 |   390 |   154 ||   793

Table legend: (Time is in decaauts)
 A = Elapsed time spent in this place.
 B = Non-inter-level travel time spent in this place.
 C = Inter-level travel time spent in this place.
 D = Time resting spent in this place.
 E = Time spent auto-exploring this place.
 F = Levels seen in this place.
 G = Mean time per level.
                   A        B        C        D        E       F      G
               +--------+--------+--------+--------+--------+-----+--------+
         Total |  30679 |  28644 |   2035 |   3853 |  20082 |  28 | 1095.7 |
       Dungeon |  19027 |  17445 |   1582 |   2485 |  12432 |  15 | 1268.5 |
        Temple |     80 |     80 |      0 |      0 |     18 |   1 |   80.0 |
          Lair |   6508 |   6168 |    340 |    469 |   4727 |   5 | 1301.6 |
   Spider Nest |   1639 |   1633 |      6 |    299 |   1080 |   2 |  819.5 |
  Orcish Mines |   1905 |   1799 |    106 |    210 |   1282 |   2 |  952.5 |
         Sewer |    461 |    461 |      0 |      0 |    304 |   1 |  461.0 |
      Ice Cave |    294 |    294 |      0 |    131 |      0 |   1 |  294.0 |
      Gauntlet |    762 |    762 |      0 |    258 |    237 |   1 |  762.0 |
               +--------+--------+--------+--------+--------+-----+--------+

Top non-repeatable levels by time:
     D:5: 1891 daAuts
     D:2: 1772 daAuts
  Lair:5: 1706 daAuts
     D:9: 1626 daAuts
     D:1: 1589 daAuts
Spider:1: 1579 daAuts
  Lair:1: 1549 daAuts
     D:3: 1402 daAuts
  Lair:2: 1374 daAuts
    D:10: 1344 daAuts
     D:7: 1257 daAuts
     D:6: 1245 daAuts
    D:14: 1198 daAuts
   Orc:2: 1095 daAuts
  Lair:3: 1039 daAuts
